 Dungeon Crawl Stone Soup version 0.25-a0-194-gece12570e2 (webtiles) character file.

Game seed: 11408901999848178286, levelgen mode: deterministic

1005 RedPan the Chiller (level 8, -9/57 HPs)
             Began as a White Draconian Ice Elementalist on Dec 1, 2019.
             Was an Initiate of Vehumet.
             Mangled by a slime creature (18 damage)
             ... on level 6 of the Dungeon.
             The game lasted 00:10:53 (5674 turns).

RedPan the Chiller (DrIE)                           Turns: 5674, Time: 00:10:54

Health: -9/57      AC:  7    Str: 12    XL:     8   Next: 0%
Magic:  1/16       EV: 12    Int: 17    God:    Vehumet [......]
Gold:   218        SH:  0    Dex: 11    Spells: 12/17 levels left

rFire    . . .     SeeInvis .   a - +2 flail (protect)
rCold    + + .     Gourm    .   (no shield)
rNeg     . . .     Faith    .   (armour unavailable)
rPois    .         Spirit   .   (helmet restricted)
rElec    .         Reflect  .   (no cloak)
rCorr    .         Harm     .   (no gloves)
MR       .....                  o - +0 pair of boots
Stlth    ++........             (no amulet)
HPRegen  0.19/turn              m - +4 ring of slaying
MPRegen  0.15/turn              q - ring of protection from cold

@: very slightly contaminated
A: breathe frost, unfitting armour, cold resistance 1, cold-blooded, AC +6
a: Breathe Frost, Renounce Religion


You were on level 6 of the Dungeon.
You worshipped Vehumet.
Vehumet was noncommittal.
You were very hungry.

You visited 2 branches of the dungeon, and saw 7 of its levels.

You collected 218 gold pieces.

Inventory:

Hand Weapons
 a - a +2 flail of protection (weapon)
 r - a +0 spear
 w - a +0 glaive
Missiles
 k - 3 silver boomerangs (quivered)
Armour
 o - a +0 pair of boots (worn)
Jewellery
 g - an uncursed amulet of the gourmand {unknown}
 m - a +4 ring of slaying (left hand)
 q - a ring of protection from cold (right hand)
Scrolls
 c - 3 scrolls of remove curse
 l - 4 scrolls of teleportation
 s - 2 scrolls of fog
 v - 2 scrolls of enchant weapon
 x - a scroll of amnesia {unknown}
Potions
 d - 3 potions of cancellation
 e - 2 potions of brilliance {unknown}
 f - 3 potions of lignification
 h - 2 potions of mutation
 i - 2 potions of degeneration {unknown}
 n - 2 potions of agility {unknown}
 p - 4 potions of flight {unknown}
 t - 4 potions of curing {unknown}
 u - a potion of might {unknown}
 z - a potion of heal wounds
Comestibles
 b - 8 rations


   Skills:
 - Level 2.0 Dodging
 - Level 2.0 Stealth
 + Level 5.4 Spellcasting
   Level 1.0 Conjurations
 + Level 4.3 Summonings
 + Level 7.6 Ice Magic


You had 12 spell levels left.
You knew the following spells:

 Your Spells              Type           Power        Failure   Level  Hunger
a - Freeze                Ice            ####         1%          1    None
b - Summon Ice Beast      Ice/Summ       ####....     12%         4    ####...

Your spell library contained the following spells:

 Spells                   Type           Power        Failure   Level  Hunger
 Throw Frost              Conj/Ice       ###...       3%          2    #......
 Ozocubu's Armour         Chrm/Ice       ###.....     9%          3    ##.....
 Throw Icicle             Conj/Ice       ###.....     22%         4    ####...


Dungeon Overview and Level Annotations

Branches:
Dungeon (6/15)             Temple (1/1) D:5

Altars:
Ashenzari
Elyvilon
Hepliaklqana
Kikubaaqudgha
Nemelex Xobeh
Qazlal
Ru
Sif Muna
Trog
Uskayaw
Vehumet
Xom
Yredelemnul
The Shining One


Innate Abilities, Weirdness & Mutations

You can breathe waves of freezing cold.
You can buffet flying creatures when you breathe cold.
Your icy white scales are hard. (AC +6)
You cannot fit into any form of body armour.
Your flesh is cold resistant. (rC+)
You are cold-blooded and may be slowed by cold attacks.


Message History

You see here 2 stones.
Casting: Summon Ice Beast (safe; 12% risk of failure)
Confirm with . or Enter, or press ? or * to list all spells.
A chill wind blows around you.
You are feeling very hungry.
The slime creature closely misses you.
You barely miss the slime creature. The slime creature hits you!
* * * LOW HITPOINT WARNING * * *
Your ice beast hits the slime creature.
Your ice beast freezes the slime creature!
Unknown command.
Casting: Summon Ice Beast (safe; 12% risk of failure)
Confirm with . or Enter, or press ? or * to list all spells.
Aiming: Freeze (safe; 1% risk of failure)
Press: ? - help, Shift-Dir - straight line, f - slime creature
Aim: a slime creature (moderately wounded)
You freeze the slime creature.
The slime creature is moderately wounded.
The slime creature hits you!!
You die...

##........+.......#(###
####.........####....)...#
.........................#
..........#.##.##.....(..#
....>.....#.##.##.....(..#
..........#.##.#####.#'#####
...............# #.......#
..........#.#..#####.......#
..........#.#.YJ@..#.......#
..........#.#.####.#.......#
..........#.#.#...<#.......#
......#.###.#.#.##.#.#.#####
#.#####.# #.#.# #.#.#.# #.#
#.. ..#.# #.#.#.#
#.###########. #.# #.#
#..........# #.# #.#
##########.# #.# #.#


You could see a slime creature and a friendly ice beast.

Vanquished Creatures
  2 phantoms
  2 big kobolds (D:6)
  2 howler monkeys (D:5)
  A jelly (D:6)
  A crimson imp (D:5)
  A gnoll shaman (D:5)
  3 hounds
  A worker ant (D:4)
  10 gnolls
  10 adders
  2 shadow imps (D:5)
  4 oozes
  An adder skeleton (D:5)
  2 dart slugs
  2 leopard geckos
  9 orcs
  3 giant cockroaches
  5 hobgoblins (D:3)
  9 jackals
  3 quokkas
  10 bats
  6 frilled lizards
  6 goblins
  8 kobolds
  9 rats
112 creatures vanquished.

Vanquished Creatures (collateral kills)
  2 big kobolds (D:6)
  A kobold (D:6)
3 creatures vanquished.

Vanquished Creatures (others)
  8 toadstools (D:6)
8 creatures vanquished.

Grand Total: 123 creatures vanquished

Notes
Turn   | Place    | Note
-------+----------+-------------------------------------------
     0 | D:1      | RedPan the Draconian Ice Elementalist began the quest for
                  | the Orb.
     0 | D:1      | Reached XP level 1. HP: 14/14 MP: 3/3
   330 | D:1      | Reached XP level 2. HP: 20/20 MP: 1/5
  1085 | D:2      | Reached XP level 3. HP: 9/26 MP: 2/6
  1850 | D:3      | Reached skill level 4 in Ice Magic
  1850 | D:3      | Reached XP level 4. HP: 33/33 MP: 5/8
  1856 | D:3      | Found a bloodstained altar of Trog.
  2412 | D:2      | Learned a level 4 spell: Summon Ice Beast
  2531 | D:4      | Reached XP level 5. HP: 34/38 MP: 3/10
  2650 | D:4      | Reached skill level 1 in Summonings
  3307 | D:4      | Found a glowing golden altar of the Shining One.
  3308 | D:4      | Noticed a phantom
  3347 | D:4      | Killed a phantom
  3347 | D:4      | Reached skill level 5 in Ice Magic
  3347 | D:4      | Reached XP level 6. HP: 12/45 MP: 10/12
  3828 | D:5      | Entered Level 5 of the Dungeon
  4037 | D:5      | Your scales start taking on an icy white colour.
  4037 | D:5      | Reached skill level 6 in Ice Magic
  4037 | D:5      | Reached XP level 7. HP: 28/50 MP: 13/13
  4037 | D:5      | Gained mutation: Your flesh is cold resistant. (rC+) [White
                  | Draconian growth]
  4183 | D:5      | Found a staircase to the Ecumenical Temple.
  4288 | Temple   | Entered the Ecumenical Temple
  4586 | D:5      | Found a shimmering blue altar of Sif Muna.
  4775 | D:5      | Found a sacrificial altar of Ru.
  5022 | D:5      | Reached skill level 7 in Ice Magic
  5034 | D:5      | Reached skill level 5 in Spellcasting
  5167 | D:5      | Found a radiant altar of Vehumet.
  5172 | D:5      | Became a worshipper of Vehumet
  5615 | D:6      | Reached XP level 8. HP: 51/57 MP: 13/16
  5618 | D:6      | Noticed a slime creature
  5619 | D:6      | Noticed a slime creature
  5674 | D:6      | Mangled by a slime creature

Levels and vault maps discovered:
D:1:      minmay_arrival_hallway, layout_basic, hangedman_decor_riveting
D:2:      layout_loops_cross
D:3:      layout_rooms, lemuel_crystal_altar, minmay_misc_feat_encased
D:4:      minmay_recursive_quarters, layout_cave_pools, old_standard_altar,
          first_ration
D:5:      layout_loops_ring, kennysheep_little_box, kennysheep_mini_moat,
          temple_hall, basic_altar, kennysheep_generic_room_8
D:6:      cheibrodos_fertilizer, layout_basic, fedhas_altar_1,
          makhleb_heckhound_becter
Temple:   jpeg_temple_alley_garden

Skill      XL: |  1  2  3  4  5  6  7 |
---------------+----------------------+-----
Stealth        | 2 |  2.0
Dodging        | 2 |  2.0
Spellcasting   | 3 4 5 |  5.4
Ice Magic      | 4 5 6 7 |  7.6
Summonings     | 2 3 4 |  4.3
Conjurations   | |  1.0

Action                   |  1- 3 |  4- 6 |  7- 9 || total
-------------------------+-------+-------+-------++-------
Melee: Unarmed           |     8 |       |       ||     8
       Club              |     7 |       |       ||     7
       Short sword       |       |    21 |       ||    21
       Spear             |       |    17 |       ||    17
       Tailslap          |       |     9 |     8 ||    17
       Flail             |       |    43 |    35 ||    78
Throw: Boomerang         |    51 |    29 |     6 ||    86
 Cast: Freeze            |    30 |    47 |    35 ||   112
       Summon Ice Beast  |       |       |     4 ||     4
  Use: Scroll            |     6 |     2 |     2 ||    10
       Potion            |       |     1 |       ||     1
 Stab: Sleeping          |     1 |     2 |       ||     3
  Eat: Chunk             |     3 |     7 |     5 ||    15
Armor: Skin              |    23 |    43 |    30 ||    96
Dodge: Dodged            |    32 |    83 |    47 ||   162

Table legend:
 A = Non-vault XP
 B = Vault XP
 C = Vault XP percentage of total XP
 D = Non-vault monster count
 E = Vault monster count
 F = Vault count percentage of total count
                 A         B        C        D         E       F
            +---------+---------+-------+---------+---------+-------
      Total |     976 |     460 |  32.0 |      99 |      16 |  13.9
            +---------+---------+-------+---------+---------+-------
        D:1 |      16 |       0 |   0.0 |      10 |       0 |   0.0
        D:2 |      72 |       0 |   0.0 |      26 |       0 |   0.0
        D:3 |      77 |       0 |   0.0 |      28 |       0 |   0.0
        D:4 |     244 |      79 |  24.5 |      14 |       6 |  30.0
        D:5 |     551 |      14 |   2.5 |      19 |       2 |   9.5
        D:6 |      16 |     367 |  95.8 |       2 |       8 |  80.0
            +---------+---------+-------+---------+---------+-------
